 Dungeon Crawl Stone Soup version 0.30-a0-760-g5a9884bb7c (console) character file.

Game seed: 17865321486604248672

99 Banquo the Magician (level 5, 0/37 HPs)
             Began as a Djinni Earth Elementalist on Feb 11, 2023.
             Constricted to death by Natasha (8 damage)
             ... on level 2 of the Dungeon.
             The game lasted 00:04:43 (1446 turns).

Banquo the Magician (Djinni Earth Elementalist)     Turns: 1446, Time: 00:04:43

Health: 0/37       AC:  3    Str:  7    XL:     5   Next: 2%
Gold:   30         EV:  9    Int: 19    God:
                   SH:  3    Dex: 13

rFire   + + .      SeeInvis .    m - +0 spear
rCold   x . .      Faith    .    k - +0 buckler
rNeg    . . .      Spirit   .    a - +0 robe
rPois   ∞          Reflect  .    (no helmet)
rElec   .          Harm     .    (no cloak)
rCorr   .          Rampage  .    l - +0 pair of gloves
Will    .....                    (boots unavailable)
Stlth   ++                       (no amulet)
HPRegen 0.26/turn                (no ring)
MPRegen 0.00/turn                (no ring)

@: grasped by roots, flying, constricted
A: sickness immunity, fire resistance 2, cold vulnerability 1, float, innate
caster, HP casting, extra vitality 1
a: no special abilities


You were on level 2 of the Dungeon.
You visited 1 branch of the dungeon, and saw 2 of its levels.

You collected 30 gold pieces.

Inventory:

Hand Weapons
 m - a +0 spear (weapon)
 q - a +0 dagger
Armour
 a - a +0 robe (worn)
 k - a +0 buckler (worn)
 l - a +0 pair of gloves (worn)
Scrolls
 d - a scroll of fear {unknown}
 e - a scroll of amnesia {unknown}
 g - 3 scrolls of identify {unknown}
 h - a scroll of brand weapon {unknown}
 j - a scroll of blinking {unknown}
 n - a scroll of acquirement {unknown}
 o - a scroll of teleportation {unknown}
Potions
 b - a potion of magic
 c - 3 potions of degeneration {unknown}
 f - a potion of might {unknown}
 i - 2 potions of attraction {unknown}
 p - a potion of curing {unknown}


   Skills:
 * Level 1.5 Fighting
 * Level 2.5 Dodging
 - Level 1.5 Stealth
 * Level 0.7 Shields
 + Level 3.6 Spellcasting


You couldn't memorise any spells.
You knew the following spells:

 Your Spells              Type           Power      Damage    Failure   Level
a - Sandblast             Erth           34%        2d9       4%          1
b - Passwall              Tmut/Erth      14%        N/A       6%          2
c - Stone Arrow           Conj/Erth      34%        3d9       13%         3
d - Petrify               Tmut/Erth      17%        N/A       38%         4
e - Beastly Appendage     Tmut           34%        N/A       4%          1
f - Momentum Strike       Conj/Tloc      34%        3d8       6%          2
Your spell library was empty.

Dungeon Overview and Level Annotations

Branches:
Dungeon (2/15)

Altars:

Annotations:
D:2 Natasha


Innate Abilities, Weirdness & Mutations

You are immune to sickness and miasma.
You are immune to poison.
Your flesh is very heat resistant. (rF++)
You are vulnerable to cold. (rC-)
You float through the air rather than walking.
You learn spells naturally, not from books.
Your magical power is your life essence.
You have superior vitality. (+4 MHP)


Message History

Press: ? - help, Shift-Dir - straight line, f/p - giant cockroach
Aim: a giant cockroach (moderately wounded, 82% to hit)
The blast of sand hits the giant cockroach!
You kill the giant cockroach!
c - 3 bubbling cyan potions (gained 2) Natasha, Servant of Life and Death comes into view.
She is carrying a wand of roots (9).
Found 11 gold pieces.
You now have 30 gold pieces (gained 11).
i - 2 brown potions (gained 1) Natasha hisses angrily.
Natasha mewls in sadness.
There is an open door here.
Natasha zaps a wand.
The roots erupt in riotous growth!
The grasping roots grab you! The grasping roots constrict you!
You escape the roots grasp.
Natasha zaps a wand.
The roots erupt in riotous growth!
The grasping roots grab you! The grasping roots constrict you.
There is an open door here.
Casting: Sandblast (safe; 4% risk of failure)
Confirm with . or Enter, or press ? or * to list all spells.
Aiming: Sandblast (safe; 4% risk of failure)
Press: ? - help, Shift-Dir - straight line, f - Natasha
Aim: Natasha, carrying a wand of roots (7) (77% to hit)
The blast of sand hits Natasha!
Natasha is heavily wounded.
Natasha casts a spell at you. The magic dart hits you!
The grasping roots constrict you.
Casting: Sandblast (safe; 4% risk of failure)
Confirm with . or Enter, or press ? or * to list all spells.
Aiming: Sandblast (safe; 4% risk of failure)
Press: ? - help, Shift-Dir - straight line, f/p - Natasha
Aim: Natasha, carrying a wand of roots (7) (heavily wounded, 77% to hit)
The blast of sand misses Natasha.
Natasha stares at you and mumbles some strange words.
The magic dart hits you!
* * * LOW HITPOINT WARNING * * *
The grasping roots constrict you!
You die...

.##...........#######..#
#........####.##...##..#
#......†.# #.#.....#..#
#........# #.......#..#
#........####.#.....#..#
#........##...##...##..#
#....h...##.#.#######..#
#...........#..........#
....###@###............#
#### #.# ##############
.. #####.# .. #.....# .#
#.....# .# ##.....# .#
#.# ##.....## .# #.#
#......# .# #.# #.######


You could see Natasha.

Vanquished Creatures
  Natasha (D:2)
  2 adders (D:2)
  2 worms (D:2)
  4 orcs (D:2)
  8 ball pythons
  3 endoplasms
  3 giant cockroaches
  5 goblins
  4 hobgoblins (D:1)
  A quokka (D:1)
  3 frilled lizards (D:1)
  3 kobolds (D:1)
  6 rats
45 creatures vanquished.

Notes
Turn   | Place    | Note
-------+----------+-------------------------------------------
     0 | D:1      | Banquo the Djinni Earth Elementalist began the quest for
                  | the Orb.
     0 | D:1      | Banquo set off with the following spells memorised:
                  | Sandblast, Passwall, Stone Arrow, Petrify.
     0 | D:1      | Reached XP level 1. HP: 15/15 MP: 0/0
    36 | D:1      | Reached XP level 2. HP: 8/22 MP: 0/0
   183 | D:1      | Found a faded altar of an unknown god.
   236 | D:1      | Reached skill level 3 in Spellcasting
   238 | D:1      | Reached XP level 3. HP: 24/26 MP: 0/0
   238 | D:1      | Learned a level 1 spell: Beastly Appendage
   239 | D:1      | Reached skill level 1 in Fighting
  1006 | D:2      | Noticed Natasha
  1150 | D:2      | Reached XP level 4. HP: 22/32 MP: 0/0
  1221 | D:2      | Killed Natasha
  1337 | D:2      | Reached XP level 5. HP: 33/37 MP: 0/0
  1337 | D:2      | Learned a level 2 spell: Momentum Strike
  1360 | D:2      | Identified the +1 cloak "Ugeguf" {-Tele rF++ rN+ Dex-3}
  1391 | D:2      | Noticed Natasha
  1446 | D:2      | Constricted to death by Natasha

Illustrated notes

Levels and vault maps discovered:
D:1:      onia_arrival_handbag, layout_loops_ring,
          chequers_ecumenical_altar_simple_redux, minmay_tetromino_t2
D:2:      layout_basic, minmay_misc_feat_enclosed, uniq_natasha

Skill      XL: |  1  2  3 |
---------------+----------+-----
Spellcasting   | 3 |  3.6
Fighting       | 1 |  1.5
Dodging        | |  2.5
Stealth        | |  1.5
Shields        | |  0.7

Action                     |  1- 3 |  4- 6 || total
---------------------------+-------+-------++-------
   Cast: Sandblast         |    56 |    25 ||    81
 Armour: Robe              |     4 |     2 ||     6
  Dodge: Dodged            |    29 |    10 ||    39
  Block: Buckler           |       |     2 ||     2

Table legend: (Time is in decaauts)
 A = Elapsed time spent in this place.
 B = Non-inter-level travel time spent in this place.
 C = Inter-level travel time spent in this place.
 D = Time resting spent in this place.
 E = Time spent auto-exploring this place.
 F = Levels seen in this place.
 G = Mean time per level.
                   A        B        C        D        E       F      G
               +--------+--------+--------+--------+--------+-----+--------+
         Total |   1488 |   1227 |    261 |    129 |    717 |   2 |  744.0 |
       Dungeon |   1488 |   1227 |    261 |    129 |    717 |   2 |  744.0 |
               +--------+--------+--------+--------+--------+-----+--------+

Top non-repeatable levels by time:
     D:1: 1053 daAuts
     D:2: 435 daAuts
